[ AOE2 MATCH · #475353537 ]
Team RMVikings vs Ethiopians
[ REPLAY ANALYSIS · EXTRACTED FROM THE RECORDED GAME ]
Feudal
13:21
Castle
17:50
Imperial
34:00
| APM avg | 32.0 |
| APM peak | 61 |
| eAPM avg | 20.7 |
| Villagers / military | 68 / 74 |
Focus
⚔️ 40.0% · 🌾 60.0%
Fishing Ship ×47 · Militia ×35 · Longboat ×32 · Battering Ram ×6 · Mangonel ×1
Feudal
12:45
Castle
—
Imperial
—
| APM avg | 39.6 |
| APM peak | 74 |
| eAPM avg | 23.2 |
| Villagers / military | 61 / 24 |
Focus
⚔️ 25.4% · 🌾 74.6%
Spearman ×23 · Fishing Ship ×11 · Militia ×1 · Unknown (2626) ×1
Feudal
—
Castle
—
Imperial
—
| APM avg | 20.9 |
| APM peak | 48 |
| eAPM avg | 11.9 |
| Villagers / military | 95 / 20 |
Focus
⚔️ 23.7% · 🌾 76.3%
Shotel Warrior ×18 · Fishing Ship ×10 · Battering Ram ×2
Feudal
15:29
Castle
19:30
Imperial
—
| APM avg | 39.7 |
| APM peak | 70 |
| eAPM avg | 28.7 |
| Villagers / military | 137 / 64 |
Focus
⚔️ 27.0% · 🌾 73.0%
Knight ×59 · Fishing Ship ×26 · Unknown (2626) ×5 · Demolition Raft ×3 · Galley ×1 · Transport Ship ×1
Feudal
13:42
Castle
20:47
Imperial
—
| APM avg | 70.4 |
| APM peak | 168 |
| eAPM avg | 34.7 |
| Villagers / military | 76 / 35 |
Focus
⚔️ 59.0% · 🌾 41.0%
Shrivamsha Rider ×15 · Scout Cavalry ×14 · Fishing Ship ×8 · Scorpion ×3 · Mangonel ×2 · Monk ×1
Feudal
12:40
Castle
16:12
Imperial
—
| APM avg | 54.1 |
| APM peak | 109 |
| eAPM avg | 28.7 |
| Villagers / military | 140 / 17 |
Focus
⚔️ 30.2% · 🌾 69.8%
Fire Galley ×16 · Fishing Ship ×9 · Unknown (2626) ×4 · Monk ×1
Feudal
13:09
Castle
16:39
Imperial
—
| APM avg | 31.7 |
| APM peak | 52 |
| eAPM avg | 16.8 |
| Villagers / military | 92 / 28 |
Focus
⚔️ 26.0% · 🌾 74.0%
Warrior Priest ×14 · Fishing Ship ×8 · Monk ×6 · Mangonel ×5 · Composite Bowman ×3
Feudal
14:06
Castle
19:41
Imperial
—
| APM avg | 25.1 |
| APM peak | 46 |
| eAPM avg | 11.8 |
| Villagers / military | 81 / 14 |
Focus
⚔️ 22.9% · 🌾 77.1%
Fishing Ship ×12 · Ghulam ×8 · Unknown (2626) ×8 · Mangonel ×6
Match map
Initial resources + every placement click. Lines = walls · curves = elevation contours. ◆ gold · ⬟ stone · ● berries · ✦ relic · ◌ wall gap
Your base· Open — 5t gap
Tiekel's base· Open — unwalled flank
Rule xLEIRAx13's base· Open — unwalled flank
Yoloboy's base· Open — unwalled flank
shenxu's base· Open — 6t gap
trói em vào cột điện's base· Open — 5t gap
Not Stupid Just Stupid's base· Open — 5t gap
马到成功's base· Open — unwalled flank
Smoothed initial terrain · ◌ = detected wall gap · hover for details
Inputs per minute
— 30 APM player - - Tiekel
Build order — 30 APM player
First 150 of 279 actions detected
| 0:04 | Build | Town Center |
| 0:35 | Build | Dock |
| 1:07 | Build | House |
| 1:36 | Build | House |
| 2:23 | Create | Villager (Male) |
| 2:24 | Create | Villager (Male) |
| 2:24 | Create | Villager (Male) |
| 2:24 | Create | Villager (Male) |
| 3:07 | Create | Fishing Ship |
| 3:07 | Create | Fishing Ship |
| 3:38 | Build | House |
| 3:48 | Create | Villager (Male) |
| 4:20 | Create | Villager (Male) |
| 4:20 | Create | Villager (Male) |
| 4:44 | Create | Villager (Male) |
| 5:04 | Create | Fishing Ship |
| 5:04 | Create | Fishing Ship |
| 5:09 | Create | Villager (Male) |
| 5:39 | Build | House |
| 5:43 | Create | Villager (Male) |
| 6:05 | Create | Villager (Male) |
| 6:06 | Create | Fishing Ship |
| 6:28 | Create | Villager (Male) |
| 6:41 | Create | Villager (Male) |
| 6:42 | Create | Villager (Male) |
| 6:45 | Build | House |
| 7:01 | Create | Fishing Ship |
| 7:14 | Create | Villager (Male) |
| 7:25 | Create | Fishing Ship |
| 8:02 | Create | Villager (Male) |
| 8:15 | Create | Fishing Ship |
| 8:18 | Build | House |
| 8:23 | Create | Fishing Ship |
| 8:41 | Create | Villager (Male) |
| 8:46 | Create | Villager (Male) |
| 9:05 | Build | House |
| 9:06 | Create | Villager (Male) |
| 9:16 | Build | Palisade Wall |
| 9:26 | Create | Fishing Ship |
| 9:34 | Create | Villager (Male) |
| 9:40 | Build | Dock |
| 10:00 | Build | Palisade Wall |
| 10:07 | Create | Villager (Male) |
| 10:19 | Build | Mining Camp |
| 10:46 | Research | Loom |
| 11:06 | Create | Fishing Ship |
| 11:08 | Research | Feudal Age |
| 11:08 | Research | Feudal Age |
| 11:16 | Build | House |
| 11:17 | Build | Palisade Wall |
| 11:31 | Create | Fishing Ship |
| 11:43 | Create | Fishing Ship |
| 11:49 | Build | House |
| 12:26 | Build | Palisade Wall |
| 12:31 | Create | Fishing Ship |
| 12:31 | Create | Fishing Ship |
| 12:38 | Build | Dock |
| 12:40 | Create | Villager (Male) |
| 12:55 | Build | Lumber Camp |
| 13:21 | Age | Feudal Age |
| 13:28 | Create | Villager (Male) |
| 13:31 | Build | Mill |
| 13:38 | Create | Fishing Ship |
| 13:41 | Build | Blacksmith |
| 13:44 | Research | Town Watch |
| 13:44 | Research | Town Watch |
| 14:03 | Create | Villager (Male) |
| 14:16 | Create | Fishing Ship |
| 14:21 | Build | Market |
| 14:27 | Create | Villager (Male) |
| 14:35 | Build | Lumber Camp |
| 14:40 | Create | Fishing Ship |
| 14:40 | Create | Fishing Ship |
| 14:43 | Build | House |
| 14:53 | Build | House |
| 14:54 | Build | House |
| 15:10 | Research | Castle Age |
| 15:10 | Research | Castle Age |
| 15:14 | Research | Fletching |
| 15:29 | Build | Palisade Wall |
| 15:30 | Build | Palisade Wall |
| 15:37 | Build | Palisade Wall |
| 15:43 | Research | Double-Bit Axe |
| 16:05 | Research | Gold Mining |
| 16:06 | Research | Gold Mining |
| 16:11 | Build | Palisade Wall |
| 16:20 | Create | Fishing Ship |
| 16:20 | Create | Fishing Ship |
| 16:27 | Research | Tech 906 |
| 16:27 | Research | Tech 906 |
| 16:30 | Create | Villager (Male) |
| 16:30 | Create | Villager (Male) |
| 16:41 | Build | House |
| 16:44 | Build | House |
| 17:50 | Age | Castle Age |
| 17:51 | Build | Dock |
| 17:53 | Create | Longboat |
| 17:53 | Create | Longboat |
| 17:53 | Create | Longboat |
| 17:54 | Research | Bodkin Arrow |
| 17:55 | Research | Bodkin Arrow |
| 18:05 | Create | Longboat |
| 18:05 | Create | Longboat |
| 18:05 | Create | Longboat |
| 18:10 | Create | Villager (Male) |
| 18:10 | Create | Villager (Male) |
| 18:19 | Create | Longboat |
| 18:20 | Create | Longboat |
| 18:20 | Create | Longboat |
| 18:20 | Create | Longboat |
| 18:52 | Create | Longboat |
| 18:52 | Create | Longboat |
| 18:52 | Create | Longboat |
| 18:52 | Create | Longboat |
| 18:53 | Create | Villager (Male) |
| 18:53 | Create | Villager (Male) |
| 18:59 | Build | House |
| 19:00 | Build | House |
| 19:27 | Create | Longboat |
| 19:27 | Create | Longboat |
| 19:27 | Create | Longboat |
| 19:52 | Create | Longboat |
| 19:53 | Create | Villager (Male) |
| 20:01 | Create | Villager (Male) |
| 20:01 | Create | Villager (Male) |
| 20:05 | Create | Longboat |
| 20:05 | Create | Longboat |
| 20:06 | Create | Longboat |
| 20:34 | Create | Villager (Male) |
| 20:41 | Build | Town Center |
| 20:47 | Create | Villager (Male) |
| 20:47 | Create | Villager (Male) |
| 20:50 | Build | University |
| 21:21 | Create | Longboat |
| 21:21 | Create | Longboat |
| 21:21 | Create | Longboat |
| 21:31 | Research | Bow Saw |
| 21:46 | Create | Villager (Male) |
| 22:05 | Research | Ballistics |
| 22:17 | Create | Villager (Male) |
| 22:45 | Build | House |
| 22:52 | Create | Longboat |
| 22:53 | Create | Longboat |
| 22:53 | Create | Longboat |
| 22:54 | Create | Villager (Male) |
| 22:54 | Create | Villager (Male) |
| 22:54 | Create | Villager (Male) |
| 22:57 | Build | Farm |
| 23:05 | Create | Villager (Male) |
| 23:05 | Create | Villager (Male) |
Build order — Tiekel
First 150 of 178 actions detected
| 0:28 | Build | Town Center |
| 0:50 | Build | Dock |
| 0:53 | Build | House |
| 2:45 | Create | Villager (Male) |
| 2:45 | Create | Villager (Male) |
| 2:45 | Create | Villager (Male) |
| 2:47 | Create | Villager (Male) |
| 2:47 | Create | Villager (Male) |
| 3:52 | Create | Fishing Ship |
| 3:52 | Create | Fishing Ship |
| 3:52 | Create | Fishing Ship |
| 4:05 | Create | Villager (Male) |
| 4:06 | Create | Villager (Male) |
| 4:12 | Build | House |
| 4:43 | Build | Palisade Wall |
| 4:53 | Create | Villager (Male) |
| 4:53 | Create | Villager (Male) |
| 4:53 | Create | Villager (Male) |
| 4:56 | Build | Palisade Wall |
| 5:00 | Build | Palisade Wall |
| 5:23 | Create | Villager (Male) |
| 5:23 | Create | Villager (Male) |
| 5:33 | Create | Fishing Ship |
| 5:34 | Create | Fishing Ship |
| 5:34 | Create | Fishing Ship |
| 5:52 | Create | Villager (Male) |
| 5:52 | Create | Villager (Male) |
| 5:52 | Create | Villager (Male) |
| 6:10 | Create | Villager (Male) |
| 6:11 | Create | Villager (Male) |
| 6:25 | Build | House |
| 6:42 | Create | Villager (Male) |
| 6:53 | Create | Fishing Ship |
| 7:05 | Build | House |
| 7:08 | Create | Villager (Male) |
| 7:09 | Create | Villager (Male) |
| 7:15 | Create | Villager (Male) |
| 7:15 | Create | Villager (Male) |
| 7:34 | Build | Palisade Wall |
| 7:45 | Create | Fishing Ship |
| 7:45 | Create | Fishing Ship |
| 7:52 | Build | Palisade Wall |
| 7:59 | Create | Villager (Male) |
| 8:00 | Create | Villager (Male) |
| 8:06 | Create | Villager (Male) |
| 8:07 | Create | Villager (Male) |
| 8:23 | Create | Fishing Ship |
| 8:58 | Create | Villager (Male) |
| 9:06 | Create | Fishing Ship |
| 9:35 | Build | House |
| 9:42 | Create | Villager (Male) |
| 9:43 | Research | Loom |
| 9:50 | Build | House |
| 10:05 | Build | Mining Camp |
| 10:35 | Research | Feudal Age |
| 10:35 | Research | Feudal Age |
| 11:11 | Build | Dock |
| 12:38 | Create | Villager (Male) |
| 12:38 | Create | Villager (Male) |
| 12:39 | Create | Villager (Male) |
| 12:45 | Age | Feudal Age |
| 12:47 | Build | Outpost |
| 13:06 | Create | Unit 2626 |
| 13:14 | Build | Lumber Camp |
| 13:22 | Build | Palisade Wall |
| 13:39 | Create | Villager (Male) |
| 13:52 | Build | Outpost |
| 13:56 | Research | Town Watch |
| 13:59 | Create | Villager (Male) |
| 14:14 | Build | Outpost |
| 14:39 | Build | Barracks |
| 14:44 | Create | Villager (Male) |
| 14:59 | Create | Villager (Male) |
| 15:09 | Create | Spearman |
| 15:30 | Build | Mining Camp |
| 15:31 | Create | Villager (Male) |
| 15:34 | Create | Spearman |
| 15:42 | Build | Mining Camp |
| 15:43 | Create | Villager (Male) |
| 15:47 | Create | Spearman |
| 15:49 | Create | Villager (Male) |
| 16:09 | Create | Spearman |
| 16:15 | Create | Spearman |
| 16:17 | Create | Villager (Male) |
| 16:25 | Create | Villager (Male) |
| 16:47 | Create | Villager (Male) |
| 16:48 | Build | Watch Tower |
| 16:54 | Build | Mill |
| 17:00 | Create | Villager (Male) |
| 17:07 | Create | Spearman |
| 17:08 | Create | Villager (Male) |
| 17:27 | Create | Spearman |
| 17:28 | Create | Villager (Male) |
| 17:46 | Create | Spearman |
| 17:48 | Create | Villager (Male) |
| 18:08 | Create | Spearman |
| 18:10 | Create | Villager (Male) |
| 18:18 | Build | Lumber Camp |
| 18:30 | Create | Spearman |
| 18:32 | Create | Villager (Male) |
| 18:45 | Create | Villager (Male) |
| 18:46 | Create | Spearman |
| 18:51 | Create | Spearman |
| 19:04 | Create | Spearman |
| 19:16 | Create | Villager (Male) |
| 20:06 | Build | Market |
| 20:23 | Build | Farm |
| 20:42 | Research | Horse Collar |
| 20:46 | Research | Double-Bit Axe |
| 20:46 | Research | Double-Bit Axe |
| 21:08 | Create | Spearman |
| 21:10 | Create | Militia |
| 21:13 | Build | House |
| 21:15 | Build | House |
| 21:16 | Build | House |
| 21:28 | Build | House |
| 21:29 | Build | House |
| 21:31 | Build | House |
| 21:54 | Build | Watch Tower |
| 21:59 | Build | Watch Tower |
| 22:05 | Build | Watch Tower |
| 22:06 | Build | Watch Tower |
| 22:16 | Build | Watch Tower |
| 22:28 | Build | Palisade Wall |
| 22:39 | Build | Barracks |
| 22:39 | Create | Spearman |
| 22:40 | Create | Villager (Male) |
| 22:58 | Create | Spearman |
| 23:09 | Build | Blacksmith |
| 23:29 | Create | Spearman |
| 23:29 | Create | Spearman |
| 23:35 | Create | Villager (Male) |
| 23:36 | Create | Villager (Male) |
| 23:36 | Create | Villager (Male) |
| 23:42 | Build | Farm |
| 24:04 | Build | Watch Tower |
| 24:32 | Build | Farm |
| 24:34 | Build | Farm |
| 24:38 | Build | Farm |
| 25:09 | Build | Farm |
| 25:18 | Build | Farm |
| 25:21 | Build | Farm |
| 25:26 | Create | Villager (Male) |
| 25:30 | Research | Fletching |
| 25:35 | Create | Spearman |
| 25:54 | Create | Villager (Male) |
| 26:19 | Create | Villager (Male) |
| 26:21 | Create | Spearman |
| 26:22 | Create | Spearman |
| 26:52 | Create | Spearman |
Build order — Rule xLEIRAx13
First 150 of 190 actions detected
| 0:36 | Build | Dock |
| 0:37 | Build | House |
| 0:50 | Build | Town Center |
| 3:34 | Create | Villager (Male) ×4 |
| 3:45 | Create | Villager (Male) |
| 4:41 | Create | Fishing Ship |
| 5:02 | Build | House |
| 5:37 | Create | Villager (Male) |
| 5:43 | Create | Fishing Ship |
| 6:11 | Create | Villager (Male) |
| 6:19 | Build | House |
| 6:38 | Create | Villager (Male) |
| 6:58 | Research | Loom |
| 7:20 | Create | Villager (Male) |
| 7:25 | Build | House |
| 7:26 | Create | Fishing Ship |
| 7:35 | Create | Villager (Male) |
| 7:54 | Create | Villager (Male) |
| 7:59 | Create | Fishing Ship |
| 8:10 | Create | Villager (Male) |
| 8:35 | Create | Villager (Male) |
| 8:36 | Create | Fishing Ship |
| 8:58 | Create | Villager (Male) |
| 9:13 | Build | Mill |
| 9:31 | Create | Villager (Male) |
| 9:35 | Build | House |
| 9:45 | Create | Fishing Ship |
| 10:13 | Create | Fishing Ship |
| 10:15 | Create | Villager (Male) |
| 10:38 | Create | Villager (Male) |
| 10:53 | Create | Villager (Male) |
| 11:11 | Create | Fishing Ship |
| 11:46 | Research | Feudal Age |
| 11:53 | Create | Fishing Ship |
| 12:15 | Create | Fishing Ship |
| 12:27 | Build | House |
| 12:28 | Build | House |
| 12:30 | Build | House |
| 12:33 | Build | Palisade Wall |
| 12:34 | Build | Palisade Wall |
| 14:01 | Build | Market |
| 14:11 | Build | Palisade Wall |
| 14:15 | Build | Palisade Wall |
| 14:17 | Build | Palisade Wall |
| 14:29 | Build | Palisade Wall |
| 14:42 | Build | Blacksmith |
| 14:44 | Build | House |
| 14:51 | Create | Villager (Male) |
| 14:51 | Create | Villager (Male) |
| 15:02 | Build | Palisade Wall |
| 15:09 | Build | Palisade Wall |
| 15:21 | Research | Castle Age |
| 15:58 | Build | Lumber Camp |
| 16:19 | Research | Double-Bit Axe |
| 16:57 | Create | Villager (Male) |
| 16:58 | Create | Villager (Male) |
| 18:15 | Build | Town Center |
| 18:23 | Build | Town Center |
| 18:52 | Create | Villager (Male) |
| 18:55 | Research | Bow Saw |
| 19:25 | Create | Villager (Male) |
| 19:38 | Research | Horse Collar |
| 19:39 | Create | Villager (Male) |
| 19:39 | Create | Villager (Male) |
| 19:51 | Create | Villager (Male) |
| 19:52 | Create | Villager (Male) |
| 20:16 | Create | Villager (Male) |
| 20:17 | Create | Villager (Male) |
| 20:23 | Create | Villager (Male) |
| 20:23 | Create | Villager (Male) |
| 20:33 | Create | Villager (Male) |
| 20:34 | Create | Villager (Male) |
| 20:41 | Research | Heavy Plow |
| 20:44 | Create | Villager (Male) |
| 20:51 | Build | Farm |
| 20:54 | Build | Farm |
| 20:56 | Build | Farm |
| 20:58 | Create | Villager (Male) |
| 21:01 | Build | Farm |
| 21:05 | Create | Villager (Male) |
| 21:15 | Create | Villager (Male) |
| 21:17 | Create | Villager (Male) |
| 21:37 | Create | Villager (Male) |
| 21:46 | Build | Castle |
| 21:49 | Create | Villager (Male) |
| 21:49 | Create | Villager (Male) |
| 22:00 | Build | Farm |
| 22:01 | Build | Farm |
| 22:02 | Build | Farm |
| 22:03 | Build | Farm |
| 22:04 | Build | Farm |
| 22:05 | Build | Farm |
| 22:07 | Create | Villager (Male) |
| 22:07 | Create | Villager (Male) |
| 22:07 | Create | Villager (Male) |
| 22:19 | Create | Villager (Male) |
| 22:31 | Create | Villager (Male) |
| 22:33 | Build | House |
| 22:37 | Build | House |
| 23:00 | Create | Shotel Warrior |
| 23:11 | Create | Shotel Warrior |
| 23:17 | Create | Villager (Male) |
| 23:17 | Create | Villager (Male) |
| 23:18 | Create | Villager (Male) |
| 23:23 | Build | Farm |
| 23:24 | Build | Farm |
| 23:24 | Build | Farm |
| 23:25 | Build | Farm |
| 23:27 | Create | Villager (Male) |
| 23:30 | Build | Farm |
| 23:37 | Build | Farm |
| 23:40 | Create | Shotel Warrior |
| 23:41 | Create | Shotel Warrior |
| 23:51 | Create | Shotel Warrior |
| 23:58 | Build | Farm |
| 24:00 | Build | Farm |
| 24:01 | Build | Farm |
| 24:02 | Create | Villager (Male) |
| 24:10 | Create | Villager (Male) |
| 24:10 | Create | Villager (Male) |
| 24:19 | Build | Farm |
| 24:20 | Build | Farm |
| 24:22 | Build | Farm |
| 24:24 | Create | Villager (Male) |
| 24:30 | Create | Villager (Male) ×2 |
| 24:30 | Create | Villager (Male) ×2 |
| 24:41 | Create | Villager (Male) |
| 24:41 | Create | Villager (Male) |
| 24:50 | Create | Villager (Male) |
| 25:01 | Create | Villager (Male) ×2 |
| 25:11 | Create | Villager (Male) |
| 25:25 | Create | Villager (Male) ×2 |
| 25:25 | Create | Villager (Male) ×2 |
| 25:26 | Create | Villager (Male) |
| 25:35 | Build | Siege Workshop |
| 25:36 | Create | Shotel Warrior |
| 25:38 | Create | Shotel Warrior |
| 25:38 | Create | Shotel Warrior |
| 25:47 | Build | Farm |
| 25:49 | Build | Farm |
| 25:50 | Build | Farm |
| 25:52 | Build | Farm |
| 25:56 | Create | Villager (Male) ×2 |
| 25:58 | Create | Villager (Male) |
| 26:04 | Build | Farm |
| 26:04 | Build | Farm |
| 26:06 | Build | Farm |
| 26:07 | Build | Farm |
| 26:09 | Build | Farm |
| 26:11 | Create | Villager (Male) |
Build order — Yoloboy
First 150 of 377 actions detected
| 0:19 | Build | Town Center |
| 0:38 | Build | Dock |
| 2:11 | Build | House |
| 2:39 | Create | Villager (Male) |
| 2:39 | Create | Villager (Male) |
| 2:40 | Create | Villager (Male) |
| 2:40 | Create | Villager (Male) |
| 2:40 | Create | Villager (Male) |
| 3:25 | Create | Fishing Ship |
| 3:39 | Create | Villager (Male) |
| 4:04 | Build | House |
| 4:18 | Create | Villager (Male) |
| 4:57 | Create | Villager (Male) |
| 5:27 | Create | Villager (Male) |
| 5:47 | Create | Villager (Male) |
| 5:50 | Create | Fishing Ship |
| 6:07 | Build | House |
| 6:16 | Create | Villager (Male) |
| 6:36 | Create | Villager (Male) |
| 6:37 | Create | Villager (Male) |
| 6:41 | Create | Fishing Ship |
| 7:02 | Create | Villager (Male) |
| 7:07 | Build | Palisade Wall |
| 7:18 | Build | Palisade Wall |
| 7:23 | Create | Fishing Ship |
| 7:30 | Create | Villager (Male) |
| 7:43 | Build | House |
| 7:46 | Create | Villager (Male) |
| 7:53 | Research | Loom |
| 8:03 | Create | Villager (Male) |
| 8:12 | Create | Fishing Ship |
| 8:14 | Create | Villager (Male) |
| 8:26 | Create | Villager (Male) |
| 8:30 | Create | Villager (Male) |
| 8:31 | Create | Fishing Ship |
| 8:44 | Create | Villager (Male) |
| 8:44 | Create | Villager (Male) |
| 8:46 | Build | Palisade Wall |
| 8:52 | Build | Palisade Wall |
| 8:56 | Create | Villager (Male) |
| 8:56 | Create | Villager (Male) |
| 9:21 | Create | Fishing Ship |
| 9:21 | Create | Transport Ship |
| 9:23 | Build | Palisade Wall |
| 9:28 | Build | Palisade Wall |
| 9:33 | Create | Villager (Male) |
| 9:38 | Build | House |
| 10:08 | Build | Mill |
| 10:17 | Create | Villager (Male) |
| 10:19 | Create | Villager (Male) |
| 10:22 | Build | Palisade Wall |
| 10:24 | Create | Villager (Male) |
| 10:27 | Build | House |
| 10:34 | Build | Palisade Wall |
| 10:37 | Create | Villager (Male) |
| 10:50 | Create | Villager (Male) |
| 11:07 | Build | Lumber Camp |
| 11:13 | Create | Villager (Male) |
| 11:24 | Create | Villager (Male) |
| 11:36 | Create | Villager (Male) |
| 11:56 | Build | Dock |
| 12:07 | Create | Villager (Male) |
| 12:11 | Build | House |
| 12:18 | Create | Fishing Ship |
| 12:30 | Research | Feudal Age |
| 12:44 | Build | Mining Camp |
| 12:56 | Create | Villager (Male) |
| 13:32 | Build | Palisade Wall |
| 13:33 | Build | Palisade Wall |
| 13:37 | Create | Fishing Ship |
| 13:38 | Create | Fishing Ship |
| 14:43 | Build | Palisade Wall |
| 14:57 | Create | Villager (Male) |
| 15:05 | Build | Dock |
| 15:23 | Build | Lumber Camp |
| 15:29 | Create | Villager (Male) |
| 15:29 | Age | Feudal Age |
| 15:36 | Build | Market |
| 15:43 | Research | Double-Bit Axe |
| 16:03 | Build | House |
| 16:24 | Build | Blacksmith |
| 16:32 | Create | Unit 2626 |
| 16:50 | Research | Castle Age |
| 16:59 | Build | Lumber Camp |
| 17:14 | Create | Unit 2626 |
| 17:15 | Create | Unit 2626 |
| 17:49 | Create | Demolition Raft |
| 17:53 | Create | Villager (Male) |
| 18:01 | Create | Villager (Male) |
| 18:05 | Create | Unit 2626 |
| 18:07 | Create | Unit 2626 |
| 18:28 | Create | Galley |
| 18:30 | Create | Villager (Male) |
| 18:51 | Create | Villager (Male) |
| 18:56 | Create | Villager (Male) |
| 18:56 | Create | Villager (Male) |
| 19:00 | Build | House |
| 19:02 | Build | House |
| 19:03 | Research | Horse Collar |
| 19:10 | Create | Villager (Male) |
| 19:13 | Create | Fishing Ship |
| 19:13 | Create | Fishing Ship |
| 19:30 | Age | Castle Age |
| 19:35 | Build | Town Center |
| 19:38 | Create | Villager (Male) |
| 19:44 | Research | Bow Saw |
| 19:44 | Create | Villager (Male) |
| 20:06 | Create | Villager (Male) |
| 20:18 | Create | Villager (Male) |
| 20:18 | Create | Villager (Male) |
| 20:19 | Create | Villager (Male) |
| 20:19 | Create | Villager (Male) |
| 20:19 | Create | Villager (Male) |
| 20:23 | Build | Town Center |
| 20:24 | Create | Villager (Male) |
| 20:59 | Create | Villager (Male) |
| 21:03 | Create | Villager (Male) |
| 21:08 | Create | Villager (Male) |
| 21:08 | Create | Villager (Male) |
| 21:13 | Build | Town Center |
| 21:15 | Research | Heavy Plow |
| 21:16 | Create | Villager (Male) |
| 21:17 | Create | Villager (Male) |
| 21:17 | Create | Villager (Male) |
| 21:18 | Create | Villager (Male) |
| 21:18 | Create | Villager (Male) |
| 21:32 | Create | Fishing Ship |
| 21:32 | Create | Fishing Ship |
| 21:40 | Create | Demolition Raft |
| 21:40 | Create | Demolition Raft |
| 21:42 | Create | Fishing Ship |
| 21:43 | Create | Fishing Ship |
| 22:02 | Research | Gold Mining |
| 22:02 | Research | Stone Mining |
| 22:04 | Create | Villager (Male) |
| 22:10 | Research | Tech 906 |
| 22:21 | Create | Villager (Male) |
| 22:21 | Create | Villager (Male) |
| 22:22 | Create | Villager (Male) |
| 22:30 | Create | Villager (Male) |
| 22:40 | Build | Town Center |
| 23:00 | Create | Villager (Male) |
| 23:01 | Build | Barracks |
| 23:06 | Build | Town Center |
| 23:09 | Create | Villager (Male) |
| 23:09 | Create | Villager (Male) |
| 23:09 | Create | Villager (Male) |
| 23:10 | Create | Villager (Male) |
| 23:18 | Build | House |
| 23:19 | Build | House |
Build order — shenxu
First 150 of 184 actions detected
| 0:13 | Build | Town Center |
| 1:51 | Build | Dock |
| 1:53 | Build | House |
| 2:33 | Create | Villager (Male) |
| 2:33 | Create | Villager (Male) |
| 2:33 | Create | Villager (Male) |
| 2:38 | Create | Villager (Male) |
| 4:08 | Create | Fishing Ship |
| 4:11 | Create | Villager (Male) |
| 4:41 | Research | Loom |
| 4:50 | Build | House |
| 5:00 | Create | Villager (Male) |
| 5:25 | Create | Villager (Male) |
| 5:26 | Create | Villager (Male) |
| 5:41 | Create | Villager (Male) |
| 5:48 | Create | Fishing Ship |
| 6:15 | Build | House |
| 6:19 | Create | Villager (Male) |
| 6:35 | Create | Fishing Ship |
| 6:43 | Create | Villager (Male) |
| 6:57 | Create | Villager (Male) |
| 6:57 | Create | Villager (Male) |
| 7:16 | Create | Fishing Ship |
| 7:25 | Build | House |
| 7:29 | Create | Villager (Male) |
| 7:50 | Create | Villager (Male) |
| 8:00 | Create | Fishing Ship |
| 8:23 | Build | House |
| 8:24 | Create | Fishing Ship |
| 8:26 | Create | Villager (Male) |
| 8:28 | Create | Villager (Male) |
| 8:53 | Create | Villager (Male) |
| 9:27 | Build | Mill |
| 9:29 | Create | Villager (Male) |
| 9:35 | Build | Palisade Wall |
| 9:50 | Build | House |
| 10:00 | Create | Villager (Male) |
| 10:17 | Create | Villager (Male) |
| 10:29 | Create | Villager (Male) |
| 10:32 | Create | Fishing Ship |
| 11:00 | Build | Mining Camp |
| 11:03 | Create | Villager (Male) |
| 11:30 | Create | Fishing Ship |
| 11:32 | Research | Feudal Age |
| 11:32 | Research | Feudal Age |
| 12:00 | Build | Barracks |
| 12:26 | Build | Palisade Gate |
| 12:38 | Build | Palisade Gate |
| 12:45 | Build | Palisade Wall |
| 13:08 | Create | Villager (Male) |
| 13:14 | Create | Villager (Male) |
| 13:18 | Build | House |
| 13:42 | Age | Feudal Age |
| 13:48 | Build | Stable |
| 14:07 | Build | Watch Tower |
| 14:09 | Create | Villager (Male) |
| 14:20 | Build | Palisade Wall |
| 14:22 | Build | Palisade Wall |
| 14:25 | Build | Palisade Wall |
| 14:29 | Build | Palisade Wall |
| 14:33 | Create | Villager (Male) |
| 14:40 | Build | Lumber Camp |
| 15:00 | Create | Scout Cavalry |
| 15:06 | Build | House |
| 15:17 | Create | Scout Cavalry |
| 15:19 | Build | House |
| 15:36 | Build | House |
| 15:37 | Create | Villager (Male) |
| 15:49 | Create | Scout Cavalry |
| 16:00 | Build | Archery Range |
| 16:21 | Create | Scout Cavalry |
| 16:21 | Create | Villager (Male) |
| 16:44 | Create | Villager (Male) |
| 17:10 | Build | Blacksmith |
| 17:11 | Create | Villager (Male) |
| 17:32 | Create | Villager (Male) |
| 17:32 | Create | Villager (Male) |
| 17:43 | Create | Villager (Male) |
| 17:47 | Create | Villager (Male) |
| 18:07 | Research | Castle Age |
| 18:07 | Research | Castle Age |
| 18:18 | Create | Scout Cavalry |
| 18:18 | Create | Scout Cavalry |
| 19:07 | Create | Scout Cavalry |
| 19:07 | Create | Scout Cavalry |
| 19:28 | Build | House |
| 19:32 | Create | Scout Cavalry |
| 19:34 | Build | Farm |
| 19:34 | Build | Farm |
| 19:35 | Build | Farm |
| 19:35 | Build | Farm |
| 19:56 | Build | Farm |
| 19:58 | Build | Farm |
| 20:08 | Create | Villager (Male) |
| 20:08 | Create | Villager (Male) |
| 20:27 | Create | Villager (Male) |
| 20:32 | Create | Scout Cavalry |
| 20:32 | Create | Scout Cavalry |
| 20:47 | Age | Castle Age |
| 20:51 | Build | Siege Workshop |
| 20:53 | Create | Shrivamsha Rider |
| 20:54 | Create | Villager (Male) |
| 20:55 | Create | Villager (Male) |
| 20:58 | Build | House |
| 21:01 | Build | Farm |
| 21:23 | Create | Shrivamsha Rider |
| 21:23 | Create | Villager (Male) |
| 21:50 | Create | Shrivamsha Rider |
| 21:51 | Create | Villager (Male) |
| 21:52 | Create | Mangonel |
| 21:55 | Build | Farm |
| 21:56 | Create | Villager (Male) |
| 22:10 | Create | Villager (Male) |
| 22:24 | Create | Scorpion |
| 22:33 | Create | Villager (Male) |
| 22:34 | Build | House |
| 22:44 | Create | Mangonel |
| 22:55 | Create | Villager (Male) |
| 22:55 | Create | Villager (Male) |
| 23:03 | Create | Villager (Male) |
| 23:10 | Create | Shrivamsha Rider |
| 23:10 | Create | Shrivamsha Rider |
| 23:14 | Create | Shrivamsha Rider |
| 23:56 | Create | Villager (Male) |
| 23:58 | Create | Shrivamsha Rider |
| 24:15 | Create | Villager (Male) |
| 24:34 | Create | Scorpion |
| 24:35 | Create | Villager (Male) |
| 24:47 | Create | Villager (Male) |
| 24:48 | Create | Villager (Male) |
| 24:48 | Create | Villager (Male) |
| 24:59 | Create | Scorpion |
| 25:06 | Create | Shrivamsha Rider |
| 25:26 | Build | Monastery |
| 25:26 | Create | Villager (Male) |
| 25:30 | Create | Shrivamsha Rider |
| 25:30 | Create | Shrivamsha Rider |
| 26:20 | Create | Monk |
| 26:28 | Create | Shrivamsha Rider |
| 26:29 | Create | Villager (Male) |
| 26:40 | Create | Villager (Male) |
| 26:48 | Create | Shrivamsha Rider |
| 26:48 | Create | Villager (Male) |
| 27:04 | Create | Villager (Male) |
| 27:05 | Create | Villager (Male) |
| 27:18 | Create | Villager (Male) |
| 27:25 | Create | Villager (Male) |
| 27:25 | Create | Villager (Male) |
| 27:37 | Create | Shrivamsha Rider |
| 27:37 | Create | Shrivamsha Rider |
Build order — trói em vào cột điện
First 150 of 329 actions detected
| 0:07 | Build | Town Center |
| 0:29 | Build | Dock |
| 0:32 | Build | House |
| 2:22 | Create | Villager (Male) |
| 2:22 | Create | Villager (Male) |
| 2:23 | Create | Villager (Male) |
| 2:24 | Create | Villager (Male) |
| 3:28 | Create | Villager (Male) |
| 3:29 | Create | Villager (Male) |
| 3:38 | Create | Fishing Ship |
| 3:42 | Build | House |
| 3:59 | Build | Palisade Wall |
| 4:04 | Build | Palisade Wall |
| 4:23 | Research | Loom |
| 4:46 | Create | Fishing Ship |
| 4:46 | Create | Fishing Ship |
| 5:00 | Create | Villager (Male) |
| 5:00 | Create | Villager (Male) |
| 5:15 | Create | Villager (Male) |
| 5:15 | Create | Villager (Male) |
| 5:37 | Create | Villager (Male) |
| 5:39 | Create | Fishing Ship |
| 5:39 | Create | Fishing Ship |
| 5:56 | Build | House |
| 5:59 | Create | Villager (Male) |
| 6:27 | Create | Villager (Male) |
| 6:33 | Create | Fishing Ship |
| 6:33 | Create | Fishing Ship |
| 6:49 | Create | Villager (Male) |
| 6:49 | Create | Villager (Male) |
| 7:04 | Create | Villager (Male) |
| 7:10 | Create | Villager (Male) |
| 7:11 | Create | Villager (Male) |
| 7:16 | Build | House |
| 7:21 | Create | Villager (Male) |
| 7:33 | Create | Fishing Ship |
| 7:44 | Create | Villager (Male) |
| 7:44 | Create | Villager (Male) |
| 7:55 | Create | Villager (Male) |
| 8:17 | Create | Villager (Male) |
| 8:17 | Create | Villager (Male) |
| 8:18 | Build | House |
| 8:28 | Create | Fishing Ship |
| 8:38 | Create | Villager (Male) |
| 8:50 | Create | Villager (Male) |
| 8:50 | Create | Villager (Male) |
| 8:51 | Create | Villager (Male) |
| 9:17 | Build | Palisade Gate |
| 9:25 | Build | Mill |
| 9:31 | Build | Palisade Gate |
| 9:44 | Build | House |
| 9:50 | Build | House |
| 9:55 | Create | Villager (Male) |
| 10:00 | Build | Mining Camp |
| 10:30 | Research | Feudal Age |
| 10:30 | Research | Feudal Age |
| 11:10 | Create | Villager (Male) |
| 11:10 | Create | Villager (Male) |
| 11:17 | Build | House |
| 12:40 | Age | Feudal Age |
| 12:41 | Build | Market |
| 12:46 | Build | Blacksmith |
| 12:57 | Build | Lumber Camp |
| 13:32 | Research | Castle Age |
| 13:33 | Research | Castle Age |
| 13:36 | Research | Double-Bit Axe |
| 13:36 | Research | Double-Bit Axe |
| 14:05 | Build | Palisade Wall |
| 14:14 | Create | Unit 2626 |
| 14:33 | Build | Dock |
| 15:02 | Create | Unit 2626 |
| 15:18 | Create | Unit 2626 |
| 15:38 | Create | Villager (Male) |
| 15:47 | Create | Unit 2626 |
| 16:12 | Age | Castle Age |
| 16:15 | Build | Town Center |
| 16:22 | Research | War Galley (upgrade) |
| 16:22 | Research | War Galley (upgrade) |
| 16:24 | Create | Villager (Male) |
| 16:41 | Create | Villager (Male) |
| 16:48 | Create | Villager (Male) |
| 16:51 | Research | Bow Saw |
| 16:52 | Research | Bow Saw |
| 16:57 | Create | Villager (Male) |
| 17:15 | Create | Fire Galley |
| 17:16 | Create | Fire Galley |
| 17:17 | Create | Villager (Male) |
| 17:19 | Build | House |
| 17:20 | Build | House |
| 17:41 | Create | Fire Galley |
| 18:04 | Create | Villager (Male) |
| 18:08 | Create | Villager (Male) |
| 18:19 | Create | Villager (Male) |
| 18:30 | Create | Fire Galley |
| 18:31 | Create | Fire Galley |
| 18:31 | Create | Fire Galley |
| 18:39 | Create | Villager (Male) |
| 18:42 | Build | Town Center |
| 18:55 | Create | Villager (Male) |
| 18:59 | Create | Villager (Male) |
| 19:02 | Build | Lumber Camp |
| 19:25 | Create | Villager (Male) |
| 19:29 | Create | Fire Galley |
| 19:29 | Create | Fire Galley |
| 19:30 | Create | Villager (Male) |
| 19:30 | Create | Villager (Male) |
| 19:39 | Create | Villager (Male) |
| 19:44 | Create | Villager (Male) |
| 19:47 | Build | Lumber Camp |
| 19:49 | Create | Villager (Male) |
| 20:02 | Create | Villager (Male) |
| 20:15 | Research | Horse Collar |
| 20:15 | Research | Horse Collar |
| 20:16 | Create | Villager (Male) |
| 20:16 | Create | Villager (Male) |
| 20:24 | Create | Villager (Male) |
| 20:28 | Build | Town Center |
| 20:36 | Create | Fire Galley |
| 20:37 | Create | Fire Galley |
| 20:38 | Create | Villager (Male) |
| 20:39 | Create | Villager (Male) |
| 20:41 | Create | Fire Galley |
| 20:41 | Create | Fire Galley |
| 20:45 | Create | Villager (Male) |
| 21:08 | Create | Fire Galley |
| 21:08 | Create | Fire Galley |
| 21:10 | Build | Farm |
| 21:11 | Build | Farm |
| 21:11 | Build | Farm |
| 21:11 | Build | Farm |
| 21:11 | Create | Villager (Male) |
| 21:18 | Build | House |
| 21:19 | Build | House |
| 21:36 | Create | Villager (Male) |
| 21:36 | Create | Villager (Male) |
| 21:38 | Build | Farm |
| 21:38 | Build | Farm |
| 21:39 | Build | Farm |
| 21:39 | Build | Farm |
| 21:39 | Build | Farm |
| 21:45 | Create | Villager (Male) |
| 21:54 | Build | Farm |
| 21:56 | Build | Farm |
| 21:59 | Build | Farm |
| 22:01 | Create | Villager (Male) |
| 22:02 | Create | Villager (Male) |
| 22:07 | Create | Villager (Male) |
| 22:14 | Create | Villager (Male) |
| 22:30 | Create | Villager (Male) |
| 22:39 | Create | Villager (Male) |
Build order — Not Stupid Just Stupid
First 150 of 198 actions detected
| 0:15 | Build | Town Center |
| 0:32 | Build | Dock |
| 0:35 | Build | House |
| 0:36 | Build | Palisade Wall |
| 2:33 | Create | Villager (Male) |
| 2:33 | Create | Villager (Male) |
| 2:33 | Create | Villager (Male) |
| 2:33 | Create | Villager (Male) |
| 2:34 | Create | Villager (Male) |
| 3:30 | Create | Fishing Ship |
| 3:43 | Create | Villager (Male) |
| 4:18 | Build | House |
| 4:36 | Create | Villager (Male) |
| 4:48 | Create | Fishing Ship |
| 5:06 | Create | Villager (Male) |
| 5:30 | Research | Loom |
| 5:47 | Create | Fishing Ship |
| 5:53 | Build | House |
| 5:59 | Create | Villager (Male) |
| 6:21 | Create | Villager (Male) |
| 6:37 | Create | Fishing Ship |
| 6:40 | Create | Villager (Male) |
| 7:02 | Create | Villager (Male) |
| 7:12 | Build | House |
| 7:16 | Create | Fishing Ship |
| 7:19 | Create | Villager (Male) |
| 7:24 | Create | Villager (Male) |
| 7:48 | Build | House |
| 8:12 | Create | Fishing Ship |
| 8:12 | Create | Villager (Male) |
| 8:26 | Create | Villager (Male) |
| 8:56 | Create | Fishing Ship |
| 8:59 | Create | Villager (Male) |
| 9:10 | Create | Villager (Male) |
| 9:29 | Create | Villager (Male) |
| 9:37 | Create | Fishing Ship |
| 9:53 | Build | House |
| 10:23 | Create | Villager (Male) |
| 10:25 | Build | Mill |
| 10:55 | Research | Feudal Age |
| 12:38 | Create | Villager (Male) |
| 12:39 | Create | Villager (Male) |
| 13:09 | Age | Feudal Age |
| 13:10 | Build | Market |
| 13:13 | Build | Blacksmith |
| 13:22 | Build | Mule Cart |
| 13:58 | Research | Castle Age |
| 14:39 | Research | Double-Bit Axe |
| 15:17 | Build | House |
| 15:39 | Build | Mill |
| 15:41 | Create | Villager (Male) |
| 15:43 | Create | Villager (Male) |
| 15:47 | Research | Tech 906 |
| 16:06 | Research | Horse Collar |
| 16:08 | Build | Farm |
| 16:39 | Age | Castle Age |
| 16:45 | Build | Monastery |
| 16:47 | Build | Palisade Wall |
| 16:54 | Create | Villager (Male) |
| 16:55 | Create | Villager (Male) |
| 17:07 | Research | Bow Saw |
| 17:14 | Create | Villager (Male) |
| 17:16 | Build | House |
| 17:20 | Build | House |
| 17:33 | Create | Warrior Priest |
| 17:33 | Create | Warrior Priest |
| 17:40 | Research | Fletching |
| 17:52 | Build | Monastery |
| 17:58 | Build | Palisade Wall |
| 18:00 | Build | Palisade Wall |
| 18:01 | Build | Palisade Wall |
| 18:10 | Create | Warrior Priest |
| 18:11 | Create | Villager (Male) |
| 18:34 | Create | Villager (Male) |
| 18:43 | Build | Town Center |
| 18:58 | Build | House |
| 19:10 | Build | Siege Workshop |
| 19:12 | Create | Villager (Male) |
| 19:13 | Create | Villager (Male) |
| 19:15 | Create | Warrior Priest |
| 19:16 | Create | Warrior Priest |
| 19:23 | Build | Farm |
| 19:25 | Build | Farm |
| 20:06 | Create | Monk |
| 20:07 | Create | Monk |
| 20:44 | Create | Mangonel |
| 20:46 | Build | House |
| 20:46 | Create | Villager (Male) ×5 |
| 21:11 | Create | Villager (Male) |
| 21:25 | Build | Town Center |
| 21:29 | Create | Villager (Male) |
| 21:45 | Create | Mangonel |
| 21:52 | Create | Villager (Male) |
| 21:52 | Create | Villager (Male) |
| 21:54 | Build | Farm |
| 21:56 | Build | Farm |
| 22:18 | Build | Mule Cart |
| 22:34 | Create | Mangonel |
| 22:36 | Create | Villager (Male) |
| 22:46 | Create | Villager (Male) |
| 22:52 | Research | Wheelbarrow |
| 23:00 | Create | Villager (Male) |
| 23:02 | Build | Monastery |
| 23:09 | Create | Villager (Male) |
| 23:21 | Build | House |
| 23:35 | Create | Mangonel |
| 23:36 | Create | Villager (Male) ×5 |
| 23:42 | Create | Warrior Priest |
| 23:42 | Create | Warrior Priest |
| 23:43 | Create | Warrior Priest |
| 23:43 | Create | Warrior Priest |
| 23:46 | Create | Villager (Male) |
| 23:49 | Build | House |
| 24:31 | Research | Scale Mail Armor |
| 24:32 | Create | Villager (Male) |
| 24:33 | Create | Villager (Male) |
| 24:55 | Build | Town Center |
| 25:02 | Build | House |
| 25:03 | Build | House |
| 25:07 | Build | House |
| 25:09 | Build | House |
| 25:15 | Create | Villager (Male) |
| 25:16 | Create | Villager (Male) |
| 25:43 | Research | Redemption |
| 25:53 | Create | Villager (Male) |
| 25:53 | Create | Villager (Male) |
| 26:03 | Build | Mule Cart |
| 26:36 | Create | Villager (Male) |
| 26:48 | Create | Monk |
| 26:48 | Create | Monk |
| 27:17 | Create | Villager (Male) |
| 27:20 | Build | Farm |
| 27:21 | Build | Farm |
| 27:23 | Build | Farm |
| 27:25 | Build | Farm |
| 27:26 | Build | Farm |
| 27:27 | Build | Farm |
| 27:29 | Create | Villager (Male) |
| 27:40 | Create | Monk ×2 |
| 27:46 | Build | Farm |
| 27:47 | Build | Farm |
| 27:48 | Build | Farm |
| 27:51 | Build | Farm |
| 27:52 | Build | Farm |
| 27:52 | Build | Farm |
| 27:55 | Build | Farm |
| 27:56 | Build | Farm |
| 28:09 | Create | Warrior Priest |
| 28:10 | Create | Warrior Priest |
| 28:10 | Create | Warrior Priest |
Build order — 马到成功
First 150 of 171 actions detected
| 0:19 | Build | Town Center |
| 1:46 | Build | Dock |
| 1:50 | Build | House |
| 2:39 | Create | Villager (Male) |
| 2:39 | Create | Villager (Male) |
| 2:42 | Research | Loom |
| 2:43 | Create | Villager (Male) |
| 2:43 | Create | Villager (Male) |
| 2:43 | Create | Villager (Male) |
| 3:43 | Create | Fishing Ship |
| 3:43 | Create | Fishing Ship |
| 3:44 | Create | Fishing Ship |
| 4:22 | Build | House |
| 4:26 | Create | Villager (Male) |
| 4:26 | Create | Villager (Male) |
| 4:52 | Create | Villager (Male) |
| 5:40 | Create | Villager (Male) |
| 5:41 | Create | Villager (Male) |
| 6:09 | Create | Villager (Male) |
| 6:10 | Create | Villager (Male) |
| 6:45 | Create | Fishing Ship |
| 6:45 | Create | Fishing Ship |
| 6:50 | Build | House |
| 6:56 | Create | Villager (Male) |
| 6:56 | Create | Villager (Male) |
| 6:56 | Create | Villager (Male) |
| 6:57 | Create | Villager (Male) |
| 7:15 | Create | Villager (Male) |
| 7:22 | Build | House |
| 8:01 | Create | Villager (Male) |
| 8:07 | Create | Fishing Ship |
| 8:07 | Create | Fishing Ship |
| 8:14 | Build | House |
| 8:16 | Build | House |
| 8:44 | Create | Villager (Male) |
| 8:44 | Create | Villager (Male) |
| 8:45 | Create | Villager (Male) |
| 8:46 | Create | Villager (Male) |
| 8:47 | Create | Villager (Male) |
| 8:52 | Create | Fishing Ship |
| 8:52 | Create | Fishing Ship |
| 9:21 | Create | Fishing Ship |
| 9:53 | Create | Fishing Ship |
| 10:03 | Build | Mill |
| 10:14 | Create | Villager (Male) |
| 10:29 | Build | House |
| 10:29 | Build | House |
| 10:29 | Build | House |
| 10:51 | Create | Villager (Male) |
| 10:51 | Create | Villager (Male) |
| 10:59 | Create | Fishing Ship |
| 11:50 | Research | Feudal Age |
| 11:51 | Research | Feudal Age |
| 12:04 | Build | Mining Camp |
| 12:40 | Create | Villager (Male) |
| 12:40 | Create | Villager (Male) |
| 13:44 | Create | Villager (Male) |
| 14:06 | Age | Feudal Age |
| 14:07 | Create | Unit 2626 |
| 14:07 | Create | Unit 2626 |
| 14:07 | Create | Unit 2626 |
| 14:07 | Create | Unit 2626 |
| 14:08 | Create | Unit 2626 |
| 14:47 | Build | Lumber Camp |
| 15:20 | Create | Villager (Male) |
| 15:20 | Create | Villager (Male) |
| 15:21 | Create | Villager (Male) |
| 15:21 | Create | Villager (Male) |
| 15:25 | Research | Double-Bit Axe |
| 15:26 | Research | Double-Bit Axe |
| 15:31 | Build | Market |
| 16:23 | Build | Blacksmith |
| 16:36 | Build | Mining Camp |
| 16:38 | Create | Villager (Male) |
| 16:39 | Create | Villager (Male) |
| 16:52 | Create | Unit 2626 |
| 16:54 | Research | Castle Age |
| 16:55 | Research | Castle Age |
| 17:03 | Research | Horse Collar |
| 17:57 | Create | Unit 2626 |
| 17:57 | Create | Unit 2626 |
| 18:02 | Build | House |
| 18:02 | Build | House |
| 18:02 | Build | House |
| 18:03 | Build | House |
| 18:03 | Build | House |
| 18:04 | Build | House |
| 18:05 | Build | House |
| 18:11 | Create | Villager (Male) |
| 18:11 | Create | Villager (Male) |
| 18:12 | Create | Villager (Male) |
| 18:12 | Create | Villager (Male) |
| 18:12 | Create | Villager (Male) |
| 19:26 | Create | Villager (Male) |
| 19:41 | Age | Castle Age |
| 19:44 | Build | Town Center |
| 19:48 | Build | Town Center |
| 20:43 | Create | Villager (Male) |
| 20:49 | Build | Farm |
| 20:49 | Build | Farm |
| 20:49 | Build | Farm |
| 20:50 | Build | Farm |
| 20:53 | Build | Farm |
| 20:55 | Build | Farm |
| 20:58 | Build | Farm |
| 21:11 | Create | Villager (Male) |
| 21:19 | Create | Villager (Male) |
| 21:19 | Create | Villager (Male) |
| 21:20 | Create | Villager (Male) |
| 21:28 | Build | Barracks |
| 22:24 | Build | Siege Workshop |
| 22:28 | Create | Villager (Male) |
| 22:29 | Create | Villager (Male) |
| 22:29 | Create | Villager (Male) |
| 22:30 | Create | Villager (Male) |
| 22:30 | Create | Villager (Male) |
| 22:47 | Create | Villager (Male) |
| 22:48 | Create | Villager (Male) |
| 22:48 | Create | Villager (Male) |
| 22:49 | Create | Villager (Male) |
| 23:00 | Research | Bow Saw |
| 23:00 | Research | Bow Saw |
| 23:01 | Create | Villager (Male) |
| 23:01 | Create | Villager (Male) |
| 23:02 | Create | Villager (Male) |
| 23:02 | Create | Villager (Male) |
| 23:31 | Create | Villager (Male) |
| 23:32 | Create | Villager (Male) |
| 23:33 | Create | Villager (Male) |
| 23:52 | Build | Town Center |
| 24:06 | Create | Mangonel |
| 24:07 | Create | Mangonel |
| 24:28 | Create | Villager (Male) |
| 24:30 | Research | Stone Mining |
| 24:30 | Research | Stone Mining |
| 24:33 | Create | Villager (Male) |
| 24:33 | Create | Villager (Male) |
| 24:34 | Create | Villager (Male) |
| 24:34 | Create | Villager (Male) |
| 24:42 | Build | Lumber Camp |
| 24:46 | Create | Villager (Male) |
| 25:23 | Create | Mangonel |
| 25:23 | Create | Mangonel |
| 25:32 | Create | Villager (Male) |
| 25:34 | Create | Villager (Male) |
| 26:38 | Create | Mangonel |
| 26:38 | Create | Mangonel |
| 26:50 | Create | Villager (Male) |
| 26:50 | Create | Villager (Male) |
| 27:30 | Build | Castle |
Match timeline
| 0:29 | trói em vào cột điện · first_building Dock |
| 0:32 | Not Stupid Just Stupid · first_building Dock |
| 0:35 | 30 APM player · first_building Dock |
| 0:36 | Rule xLEIRAx13 · first_building Dock |
| 0:36 | Not Stupid Just Stupid · wall_segment Palisade Wall x1 |
| 0:38 | Yoloboy · first_building Dock |
| 0:50 | Tiekel · first_building Dock |
| 1:46 | 马到成功 · first_building Dock |
| 1:51 | shenxu · first_building Dock |
| 3:59 | trói em vào cột điện · wall_segment Palisade Wall x1 |
| 4:04 | trói em vào cột điện · wall_segment Palisade Wall x2 |
| 4:43 | Tiekel · wall_segment Palisade Wall x1 |
| 4:56 | Tiekel · wall_segment Palisade Wall x1 |
| 5:00 | Tiekel · wall_segment Palisade Wall x1 |
| 7:07 | Yoloboy · wall_segment Palisade Wall x1 |
| 7:18 | Yoloboy · wall_segment Palisade Wall x1 |
| 7:34 | Tiekel · wall_segment Palisade Wall x1 |
| 7:52 | Tiekel · wall_segment Palisade Wall x1 |
| 8:46 | Yoloboy · wall_segment Palisade Wall x1 |
| 8:52 | Yoloboy · wall_segment Palisade Wall x1 |
| 9:16 | 30 APM player · wall_segment Palisade Wall x1 |
| 9:23 | Yoloboy · wall_segment Palisade Wall x1 |
| 9:28 | Yoloboy · wall_segment Palisade Wall x1 |
| 9:35 | shenxu · wall_segment Palisade Wall x1 |
| 10:00 | 30 APM player · wall_segment Palisade Wall x10 |
| 10:22 | Yoloboy · wall_segment Palisade Wall x1 |
| 10:34 | Yoloboy · wall_segment Palisade Wall x1 |
| 11:17 | 30 APM player · wall_segment Palisade Wall x5 |
| 12:00 | shenxu · first_building Barracks |
| 12:26 | 30 APM player · wall_segment Palisade Wall x1 |
| 12:33 | Rule xLEIRAx13 · wall_segment Palisade Wall x1 |
| 12:34 | Rule xLEIRAx13 · wall_segment Palisade Wall x1 |
| 12:40 | trói em vào cột điện · age_up feudal |
| 12:45 | shenxu · wall_segment Palisade Wall x1 |
| 12:45 | Tiekel · age_up feudal |
| 13:09 | Not Stupid Just Stupid · age_up feudal |
| 13:21 | 30 APM player · age_up feudal |
| 13:22 | Tiekel · wall_segment Palisade Wall x1 |
| 13:32 | Yoloboy · wall_segment Palisade Wall x4 |
| 13:33 | Yoloboy · wall_segment Palisade Wall x1 |
| 13:42 | shenxu · age_up feudal |
| 13:48 | shenxu · first_building Stable |
| 14:05 | trói em vào cột điện · wall_segment Palisade Wall x1 |
| 14:06 | 马到成功 · age_up feudal |
| 14:11 | Rule xLEIRAx13 · wall_segment Palisade Wall x1 |
| 14:15 | Rule xLEIRAx13 · wall_segment Palisade Wall x1 |
| 14:17 | Rule xLEIRAx13 · wall_segment Palisade Wall x1 |
| 14:20 | shenxu · wall_segment Palisade Wall x1 |
| 14:22 | shenxu · wall_segment Palisade Wall x1 |
| 14:25 | shenxu · wall_segment Palisade Wall x1 |
| 14:29 | shenxu · wall_segment Palisade Wall x1 |
| 14:29 | Rule xLEIRAx13 · wall_segment Palisade Wall x1 |
| 14:39 | Tiekel · first_building Barracks |
| 14:43 | Yoloboy · wall_segment Palisade Wall x1 |
| 15:02 | Rule xLEIRAx13 · wall_segment Palisade Wall x5 |
| 15:09 | Rule xLEIRAx13 · wall_segment Palisade Wall x4 |
| 15:14 | Rule xLEIRAx13 · first_market_sell 100 food |
| 15:29 | Yoloboy · age_up feudal |
| 15:29 | 30 APM player · wall_segment Palisade Wall x1 |
| 15:30 | 30 APM player · wall_segment Palisade Wall x1 |
| 15:37 | 30 APM player · wall_segment Palisade Wall x2 |
| 16:00 | shenxu · first_building Archery Range |
| 16:11 | 30 APM player · wall_segment Palisade Wall x3 |
| 16:12 | trói em vào cột điện · age_up castle |
| 16:20 | Not Stupid Just Stupid · first_market_buy 100 wood |
| 16:22 | Yoloboy · first_market_buy 100 wood |
| 16:39 | Not Stupid Just Stupid · age_up castle |
| 16:45 | Not Stupid Just Stupid · first_building Monastery |
| 16:47 | Not Stupid Just Stupid · wall_segment Palisade Wall x1 |
| 16:50 | Yoloboy · first_market_sell 100 food |
| 17:50 | 30 APM player · age_up castle |
| 17:58 | Not Stupid Just Stupid · wall_segment Palisade Wall x1 |
| 18:00 | Not Stupid Just Stupid · wall_segment Palisade Wall x1 |
| 18:01 | Not Stupid Just Stupid · wall_segment Palisade Wall x1 |
| 18:37 | trói em vào cột điện · first_market_sell 100 food |
| 18:38 | trói em vào cột điện · first_market_buy 100 wood |
| 19:03 | Not Stupid Just Stupid · first_market_sell 100 food |
| 19:10 | Not Stupid Just Stupid · first_building Siege Workshop |
| 19:30 | Yoloboy · age_up castle |
| 19:41 | 马到成功 · age_up castle |
| 20:37 | 30 APM player · first_market_buy 100 wood |
| 20:40 | Tiekel · first_market_buy 100 food |
| 20:47 | shenxu · age_up castle |
| 20:51 | shenxu · first_building Siege Workshop |
| 21:28 | 马到成功 · first_building Barracks |
| 21:34 | 30 APM player · first_market_sell 100 food |
| 21:46 | Rule xLEIRAx13 · first_building Castle |
| 22:18 | Tiekel · first_market_sell 500 stone |
| 22:24 | 马到成功 · first_building Siege Workshop |
| 22:28 | Tiekel · wall_segment Palisade Wall x1 |
| 23:01 | Yoloboy · first_building Barracks |
| 25:26 | shenxu · first_building Monastery |
| 25:30 | Yoloboy · first_building Stable |
| 25:35 | Rule xLEIRAx13 · first_building Siege Workshop |
| 25:46 | trói em vào cột điện · first_building Monastery |
| 27:30 | 马到成功 · first_building Castle |
| 28:20 | 30 APM player · first_building Siege Workshop |
| 28:24 | trói em vào cột điện · first_building Siege Workshop |
| 28:30 | 30 APM player · first_building Barracks |
| 29:05 | 马到成功 · first_building Monastery |
| 29:07 | Not Stupid Just Stupid · first_building Castle |
| 29:11 | Tiekel · wall_segment Stone Wall x5 |
| 29:14 | trói em vào cột điện · first_building Barracks |
| 29:40 | 30 APM player · first_building Castle |
| 30:16 | trói em vào cột điện · first_building Castle |
| 30:29 | trói em vào cột điện · first_building Stable |
| 30:53 | Tiekel · wall_segment Stone Wall x1 |
| 30:56 | Tiekel · wall_segment Stone Wall x1 |
| 31:01 | Tiekel · wall_segment Stone Wall x2 |
| 31:22 | 马到成功 · resign |
| 31:57 | Yoloboy · first_building Castle |
| 34:00 | 30 APM player · age_up imperial |
[ AI ANALYSIS · 1 CREDIT ]
What really happened in this match?
Wolo.gg analyzes every decision: build order, eco, micro, common mistakes by bracket. Personalized analysis on WhatsApp or Discord in 30 seconds.
Civ guide
Vikings
Map guide
Nomad
Perfil
Jugador #3571069